SAAA
GRYFINDOR BRAVES @ TORTOLITA DRUMMERS
09/14/2025
 
TOP OF THE 1ST
Gryfindor Braves batting - Pitching for Tortolita Drummers : RHP Eduardo Bravo
Pitching: RHP Eduardo Bravo
Batting: LHB José Corona 0-0: Ball
1-0: Ball
2-0: Called Strike
2-1: Ball
3-1: Base on Balls
Batting: RHB Jesús Cisneros 0-0: SINGLE (Groundball, 13) (infield hit)
José Corona to second
Batting: SHB Fernando Sánchez 0-0: Foul Ball, location: 2F
0-1: Called Strike
0-2: Ball
1-2: Foul Ball, location: 2F
1-2: Strikes out swinging
Batting: RHB Carlos Ortega 0-0: Fly out, F9 (Flyball, 89S)
Batting: LHB Jack Schmitt 0-0: Foul Ball, location: 2F
0-1: Called Strike
0-2: Ball
1-2: Strikes out swinging
Top of the 1st over - 0 run(s), 1 hit(s), 0 error(s), 2 left on base; Gryfindor 0 - Tortolita 0
BOTTOM OF THE 1ST
Tortolita Drummers batting - Pitching for Gryfindor Braves : RHP Stanley Williams
Pitching: RHP Stanley Williams
Batting: RHB Jesús Martínez 0-0: Ball
1-0: Ball
2-0: Foul Ball, location: 2F
2-1: Foul Ball, location: 2F
2-2: Strikes out looking
Batting: RHB Blair Sweeny 0-0: Ball
1-0: Foul Ball, location: 2F
1-1: Foul Ball, location: 2F
1-2: Ball
2-2: Foul Ball, location: 2F
2-2: Fly out, F6 (Popup, 6D)
Batting: LHB Rick Harrison 0-0: Fly out, F3 (Line Drive, 3S)
Bottom of the 1st over - 0 run(s), 0 hit(s), 0 error(s), 0 left on base; Gryfindor 0 - Tortolita 0
TOP OF THE 2ND
Gryfindor Braves batting - Pitching for Tortolita Drummers : RHP Eduardo Bravo
Batting: LHB Rick Watson 0-0: Ball
1-0: Foul Ball, location: 2F
1-1: Fly out, F8 (Flyball, 8RD)
Batting: SHB Arturo Romero 0-0: Foul Ball, location: 2F
0-1: Foul Ball, location: 2F
0-2: Ball
1-2: Foul Ball, location: 2F
1-2: Strikes out swinging
Batting: RHB Ernesto Souza 0-0: Ball
1-0: Ball
2-0: Called Strike
2-1: Called Strike
2-2: Ball
3-2: Foul Ball, location: 2F
3-2: Ground out 4-3 (Groundball, 4)
Top of the 2nd over - 0 run(s), 0 hit(s), 0 error(s), 0 left on base; Gryfindor 0 - Tortolita 0
BOTTOM OF THE 2ND
Tortolita Drummers batting - Pitching for Gryfindor Braves : RHP Stanley Williams
Batting: RHB Stephen Blair 0-0: Ball
1-0: Swinging Strike
1-1: Ball
2-1: Foul Ball, location: 2F
2-2: Fly out, F8 (Line Drive, 8LXD)
Batting: SHB Brent Adams 0-0: SINGLE (Line Drive, 7S)
Batting: SHB Juan Blanco 0-0: Called Strike
0-1: Foul Ball, location: 2F
0-2: Ball
1-2: Ball
2-2: Strikes out swinging
Batting: LHB Mitchell Hansen Pickoff Throw to First - Out!
Bottom of the 2nd over - 0 run(s), 1 hit(s), 0 error(s), 0 left on base; Gryfindor 0 - Tortolita 0
TOP OF THE 3RD
Gryfindor Braves batting - Pitching for Tortolita Drummers : RHP Eduardo Bravo
Batting: SHB Emílio Gonzáles 0-0: Called Strike
0-1: Swinging Strike
0-2: Ball
1-2: Strikes out looking
Batting: LHB José Corona 0-0: Foul Ball, location: 2F
0-1: Called Strike
0-2: SINGLE (Line Drive, 4MD)
Batting: RHB Jesús Cisneros 0-0: Ball
1-0: Swinging Strike
1-1: Fly out, F9 (Flyball, 9S)
Batting: SHB Fernando Sánchez 0-0: Called Strike
0-1: Ball
1-1: Foul Ball, location: 2F
1-2: Foul Ball, location: 2F
1-2: Ball
2-2: Strikes out swinging
Top of the 3rd over - 0 run(s), 1 hit(s), 0 error(s), 1 left on base; Gryfindor 0 - Tortolita 0
BOTTOM OF THE 3RD
Tortolita Drummers batting - Pitching for Gryfindor Braves : RHP Stanley Williams
Batting: LHB Mitchell Hansen 0-0: Foul Ball, location: 2F
0-1: Ground out 4-3 (Groundball, 4M)
Batting: LHB Alberto Arredondo 0-0: Ball
1-0: Ball
2-0: SINGLE (Line Drive, 34)
Batting: LHB Gonzalo Féliz 0-0: Called Strike
Alberto Arredondo is caught stealing 2nd base
0-1: Ball
1-1: Ball
2-1: Called Strike
2-2: Ground out 4-3 (Groundball, 4)
Bottom of the 3rd over - 0 run(s), 1 hit(s), 0 error(s), 0 left on base; Gryfindor 0 - Tortolita 0
TOP OF THE 4TH
Gryfindor Braves batting - Pitching for Tortolita Drummers : RHP Eduardo Bravo
Batting: RHB Carlos Ortega 0-0: Called Strike
0-1: SINGLE (Groundball, 34S) (infield hit)
Batting: LHB Jack Schmitt 0-0: Ball
1-0: Ball
2-0: Called Strike
2-1: Ball
3-1: Foul Ball, location: 2F
3-2: Foul Ball, location: 2F
3-2: Foul Ball, location: 2F
3-2: Strikes out swinging
Carlos Ortega steals 2nd base
Batter strikes out.
Batting: LHB Rick Watson 0-0: Ball
1-0: Ball
2-0: Ball
3-0: Called Strike
3-1: Foul Ball, location: 2F
3-2: Foul Ball, location: 2F
3-2: Base on Balls
Batting: SHB Arturo Romero 0-0: Ball
1-0: Called Strike
1-1: Ball
2-1: Foul Ball, location: 2F
2-2: Foul Ball, location: 2F
2-2: Foul Ball, location: 2F
2-2: Ball
3-2: Foul Ball, location: 2F
3-2: Fly out, F8 (Flyball, 8RD)
Batting: RHB Ernesto Souza 0-0: Fly out, F6 (Popup, 6D)
Top of the 4th over - 0 run(s), 1 hit(s), 0 error(s), 2 left on base; Gryfindor 0 - Tortolita 0
BOTTOM OF THE 4TH
Tortolita Drummers batting - Pitching for Gryfindor Braves : RHP Stanley Williams
Batting: RHB Jesús Martínez 0-0: Swinging Strike
0-1: Ball
1-1: SINGLE (Flyball, 9LS)
Batting: RHB Blair Sweeny 0-0: Ball
1-0: Called Strike
1-1: Foul Ball, location: 2F
1-2: DOUBLE (Flyball, 8LD)
Jesús Martínez to third
Batting: LHB Rick Harrison 0-0: Ground out 3-1 (Groundball, 34S)
Jesús Martínez scores
Blair Sweeny to third
Batting: RHB Stephen Blair 0-0: Ball
1-0: Ball
2-0: Called Strike
2-1: Ball
3-1: Foul Ball, location: 2F
3-2: Strikes out swinging
Batting: SHB Brent Adams 0-0: Ground out 1-3 (Groundball, P)
Bottom of the 4th over - 1 run(s), 2 hit(s), 0 error(s), 1 left on base; Gryfindor 0 - Tortolita 1
TOP OF THE 5TH
Gryfindor Braves batting - Pitching for Tortolita Drummers : RHP Eduardo Bravo
Batting: SHB Emílio Gonzáles 0-0: Called Strike
0-1: Foul Ball, location: 2F
0-2: Fly out, F8 (Flyball, 8LM)
Batting: LHB José Corona 0-0: Ball
1-0: Ball
2-0: Ball
3-0: Base on Balls
Batting: RHB Jesús Cisneros 0-0: Ball
1-0: Ball
2-0: Ball
3-0: Called Strike
3-1: Grounds into double play, 6-4-3 (Groundball, 6)
Top of the 5th over - 0 run(s), 0 hit(s), 0 error(s), 0 left on base; Gryfindor 0 - Tortolita 1
BOTTOM OF THE 5TH
Tortolita Drummers batting - Pitching for Gryfindor Braves : RHP Stanley Williams
Batting: SHB Juan Blanco 0-0: Called Strike
0-1: Swinging Strike
0-2: Strikes out swinging
Batting: LHB Mitchell Hansen 0-0: Ball
1-0: SINGLE (Line Drive, 6D)
Batting: LHB Alberto Arredondo 0-0: Ball
1-0: Called Strike
1-1: Ball
2-1: Ball
3-1: 2-RUN HOME RUN (Flyball, 8RXD), Distance : 425 ft
Batting: LHB Gonzalo Féliz 0-0: Ball
1-0: Ball
2-0: Swinging Strike
2-1: Swinging Strike
2-2: Strikes out swinging
Batting: RHB Jesús Martínez 0-0: Ball
1-0: Called Strike
1-1: Foul Ball, location: 2F
1-2: SINGLE (Line Drive, 56D)
Batting: RHB Blair Sweeny 0-0: Ball
1-0: Ball
2-0: Foul Ball, location: 2F
2-1: Called Strike
2-2: Strikes out swinging
Bottom of the 5th over - 2 run(s), 3 hit(s), 0 error(s), 1 left on base; Gryfindor 0 - Tortolita 3
TOP OF THE 6TH
Gryfindor Braves batting - Pitching for Tortolita Drummers : RHP Eduardo Bravo
Batting: SHB Fernando Sánchez 0-0: Foul Ball, location: 2F
0-1: Fly out, F3 (Line Drive, 3)
Batting: RHB Carlos Ortega 0-0: Ball
1-0: Fly out, F9 (Flyball, 9LSF)
Batting: LHB Jack Schmitt 0-0: Swinging Strike
0-1: Ground out 4-3 (Groundball, 34D)
Top of the 6th over - 0 run(s), 0 hit(s), 0 error(s), 0 left on base; Gryfindor 0 - Tortolita 3
BOTTOM OF THE 6TH
Tortolita Drummers batting - Pitching for Gryfindor Braves : RHP Stanley Williams
Batting: LHB Rick Harrison 0-0: Called Strike
0-1: Ground out 3-1 (Groundball, 34)
Batting: RHB Stephen Blair 0-0: Ball
1-0: SINGLE (Line Drive, 78S)
Batting: SHB Brent Adams 0-0: Foul Ball, location: 2F
0-1: SINGLE (Groundball, 56D)
Stephen Blair to second
Batting: SHB Juan Blanco 0-0: Foul Ball, location: 2F
0-1: Called Strike
0-2: Ball
1-2: Ball
2-2: Ball
3-2: Fly out, F7 (Flyball, 78D)
Batting: LHB Mitchell Hansen 0-0: Fly out, F8 (Flyball, 8LM)
Bottom of the 6th over - 0 run(s), 2 hit(s), 0 error(s), 2 left on base; Gryfindor 0 - Tortolita 3
TOP OF THE 7TH
Gryfindor Braves batting - Pitching for Tortolita Drummers : RHP Eduardo Bravo
Batting: LHB Rick Watson 0-0: SINGLE (Line Drive, 9LS)
Pitching: RHP Mike Desmond
Batting: SHB Arturo Romero 0-0: Called Strike
0-1: Ball
1-1: Ball
2-1: Foul Ball, location: 2F
2-2: Ball
3-2: Base on Balls
Rick Watson to second
Batting: RHB Ernesto Souza 0-0: Hit by Pitch
Rick Watson to third
Arturo Romero to second
Batting: SHB Emílio Gonzáles 0-0: Called Strike
0-1: Fly out, F8 (Line Drive, 8LD)
Runner from 3rd tags up, SCORES, no throw
Batting: LHB José Corona 0-0: Foul Ball, location: 2F
0-1: Ball
1-1: Called Strike
1-2: Ball
2-2: Foul Ball, location: 2F
2-2: Ball
3-2: Foul Ball, location: 2F
3-2: Strikes out swinging
Pinch Hitting: LHB Micheal Garren 0-0: Ball
1-0: SINGLE (Groundball, 4S) (infield hit)
Arturo Romero to third
Ernesto Souza to second
Batting: SHB Fernando Sánchez 0-0: Called Strike
0-1: Foul Ball, location: 2F
0-2: Ball
1-2: Foul Ball, location: 2F
1-2: Ball
2-2: Foul Ball, location: 2F
2-2: Strikes out swinging
Top of the 7th over - 1 run(s), 2 hit(s), 0 error(s), 3 left on base; Gryfindor 1 - Tortolita 3
BOTTOM OF THE 7TH
Tortolita Drummers batting - Pitching for Gryfindor Braves : RHP Stanley Williams
Now in CF: Micheal Garren
Batting: LHB Alberto Arredondo 0-0: Called Strike
0-1: Fly out, F8 (Flyball, 8LM)
Batting: LHB Gonzalo Féliz 0-0: Ball
1-0: SINGLE (Flyball, 78S)
Batting: RHB Jesús Martínez 0-0: Swinging Strike
0-1: Called Strike
0-2: Strikes out looking
Batting: RHB Blair Sweeny 0-0: Ball
1-0: Called Strike
1-1: Swinging Strike
1-2: Ball
2-2: Foul Ball, location: 2F
2-2: Fly out, F5 (Popup, 56)
Bottom of the 7th over - 0 run(s), 1 hit(s), 0 error(s), 1 left on base; Gryfindor 1 - Tortolita 3
TOP OF THE 8TH
Gryfindor Braves batting - Pitching for Tortolita Drummers : RHP Mike Desmond
Batting: RHB Carlos Ortega 0-0: Called Strike
0-1: Ball
1-1: Called Strike
1-2: Strikes out swinging
Batting: LHB Jack Schmitt 0-0: Ball
1-0: Called Strike
1-1: Ball
2-1: Foul Ball, location: 2F
2-2: Strikes out swinging
Batting: LHB Rick Watson 0-0: Called Strike
0-1: Foul Ball, location: 2F
0-2: Strikes out swinging
Top of the 8th over - 0 run(s), 0 hit(s), 0 error(s), 0 left on base; Gryfindor 1 - Tortolita 3
BOTTOM OF THE 8TH
Tortolita Drummers batting - Pitching for Gryfindor Braves : RHP Stanley Williams
Pitching: LHP Dorian Daly
Batting: LHB Rick Harrison 0-0: Ball
1-0: Called Strike
1-1: Ball
2-1: Foul Ball, location: 2F
2-2: Ball
3-2: Foul Ball, location: 2F
3-2: Fly out, F8 (Flyball, 8RM)
Batting: RHB Stephen Blair 0-0: Ball
1-0: Foul Ball, location: 2F
1-1: Ball
2-1: Fly out, F4 (Popup, 34D)
Batting: SHB Brent Adams 0-0: Ball
1-0: Called Strike
1-1: Ball
2-1: Called Strike
2-2: Foul Ball, location: 2F
2-2: Ball
3-2: Base on Balls
Batting: SHB Juan Blanco 0-0: Called Strike
0-1: Ball
1-1: SINGLE (Groundball, 56S) (infield hit)
Brent Adams to second
Batting: LHB Mitchell Hansen 0-0: Called Strike
0-1: Ball
1-1: Foul Ball, location: 2F
1-2: Fielders Choice at 2nd, 6-4 (Groundball, 6MD)
Bottom of the 8th over - 0 run(s), 1 hit(s), 0 error(s), 1 left on base; Gryfindor 1 - Tortolita 3
TOP OF THE 9TH
Gryfindor Braves batting - Pitching for Tortolita Drummers : RHP Mike Desmond
Pitching: LHP Ron Anderson
Batting: SHB Arturo Romero 0-0: Ball
1-0: Swinging Strike
1-1: Foul Ball, location: 2F
1-2: Foul Ball, location: 2F
1-2: Strikes out looking
Batting: RHB Ernesto Souza 0-0: Ground out 6-3 (Groundball, 6)
Batting: SHB Emílio Gonzáles 0-0: Ball
1-0: Ball
2-0: Called Strike
2-1: Ball
3-1: Base on Balls
Batting: LHB José Corona 0-0: Ball
1-0: Fielders Choice at 2nd, 4-6 (Groundball, 34)
Top of the 9th over - 0 run(s), 0 hit(s), 0 error(s), 0 left on base; Gryfindor 1 - Tortolita 3
Friday, December 30th, 2016 - OOTP Baseball 17.12 Build 75